 Dungeon Sprint DCSS version 0.29-a0-275-g389c0b56f3 (webtiles) character file.

Game seed: 11747311664720570484

151 mhtbhm the Cleaver (level 5, -8/79 HPs)
             Began as a Minotaur Berserker on Mar 12, 2022.
             Was a Priest of Trog.
             Mangled by a sixfirhy (10 damage)
             ... summoned by a kobold demonologist
             ... in the Dungeon (Sprint III: "The Ten Rune Challenge").
             The game lasted 00:01:11 (292 turns).

mhtbhm the Cleaver (Minotaur Berserker)              Turns: 292, Time: 00:01:12

Health: -8/79      AC:  9    Str: 23    XL:     5   Next: 10%
Magic:  4/4        EV: 11    Int:  4    God:    Trog [***...]
Gold:   27         SH:  0    Dex: 12    Spells: 4/4 levels left

rFire   . . .      SeeInvis .   a - +0 hand axe
rCold   + . .      Faith    .   (no shield)
rNeg    . . .      Spirit   .   b - +0 scale mail
rPois   .          Reflect  .   (helmet restricted)
rElec   .          Harm     .   (no cloak)
rCorr   .          Rampage  .   i - +1 pair of gloves
Will    .....      NoTele   +   (no boots)
Stlth   ..........              (no amulet)
HPRegen 0.23/turn               (no ring)
MPRegen 0.09/turn               (no ring)

@: berserking (expiring), very quick
A: horns 2, retaliatory headbutt, thin skeletal structure 1, cold resistance 1,
passive freeze
a: Renounce Religion, Berserk, Trog's Hand


You were in the Dungeon.
You worshipped Trog.
Trog was most pleased with you.
You visited 1 branch You collected 27 gold pieces.

Inventory:

Hand Weapons
 a - a +0 hand axe (weapon)
Armour
 b - a +0 scale mail (worn)
 i - a +1 pair of gloves (worn)
Scrolls
 h - a scroll of blinking
 l - a scroll of holy word {unknown}
 m - a scroll of identify {unknown}
 o - a scroll of torment {unknown}
 p - a scroll of fear {unknown}
Potions
 c - a potion of curing
 d - a potion of heal wounds
 e - a potion of haste
 f - 2 potions of magic
 g - a potion of berserk rage
 j - a potion of lignification {unknown}
 k - 3 potions of mutation
 n - 3 potions of flight


   Skills:
 + Level 8.2 Fighting
 + Level 8.3 Axes
 + Level 5.0 Armour
 + Level 4.1 Dodging
 + Level 1.5 Stealth


You had 4 spell levels left.
You didn't know any spells.
Your spell library was empty.

Dungeon Overview and Level Annotations

Branches:
Dungeon (1/1)

Altars:
Kikubaaqudgha
Sif Muna
Vehumet


Innate Abilities, Weirdness & Mutations

You have a pair of horns on your head.
You reflexively headbutt those who attack you in melee.
You have a somewhat thin skeletal structure. (Dex +2, Stealth+)
Your flesh is cold resistant. (rC+)
A frigid envelope surrounds you and freezes all who hurt you.


Message History

Unknown command.
You hit the ice devil.
The ice devil is moderately wounded.
Unknown command.
You closely miss the ice devil.
The ice devil is moderately wounded.
The kobold demonologist mumbles some strange words.
The sixfirhy barely misses you.
You hit the sixfirhy. Your headbutt misses the sixfirhy.
The sixfirhy is lightly wounded.
You hit the smoke demon.
The sixfirhy hits you but does no damage.
The sixfirhy is very cold.
The sixfirhy is moderately wounded.
The sixfirhy hits you! The sixfirhy shocks you!
The sixfirhy is very cold.
The sixfirhy is moderately wounded.
You closely miss the sixfirhy. Your headbutt misses the sixfirhy.
The sixfirhy is moderately wounded.
You slash the smoke demon! The sixfirhy hits you! The sixfirhy shocks you!
* * * LOW HITPOINT WARNING * * *
The sixfirhy is very cold.
The sixfirhy is heavily wounded.
The smoke demon hits you but does no damage.
The smoke demon is very cold.
The smoke demon is heavily wounded.
The smoke demon hits you but does no damage.
The smoke demon is very cold.
The smoke demon is severely wounded.
The smoke demon barely misses you. The sixfirhy hits you.
* * * LOW HITPOINT WARNING * * *
The sixfirhy shocks you!
* * * LOW HITPOINT WARNING * * *
The sixfirhy is very cold.
The sixfirhy is heavily wounded.
You slash the sixfirhy! Your punch misses the sixfirhy.
The sixfirhy is almost dead.
You barely miss the smoke demon. The sixfirhy hits you.
* * * LOW HITPOINT WARNING * * *
The sixfirhy shocks you!
You die...

.#...#### ##.#
.#......#####..#
##.[..†..#..#..#
.##.##...#..#..###+#+###+#
.##.###..##'#..#..........
####.##..###...'.⌠........
##..##.)####...#...######+
....##..###....#)⌠.#
#..##...##.....#@3.#
..##....#......#3###
.###..##.#.....#K4 .# #..
####....#___ ▓▓ ▓▓▓
▓▓▓▓▓▓▓▓▓▓


You could see an ice devil (summoned), a kobold demonologist, a sixfirhy
(summoned) and a smoke demon (summoned).

Vanquished Creatures
  A water elemental (D)
  Jessica (D)
  A wizard (D)
  A human (D)
  A wolf (D)
  2 endoplasms (D)
  A rat (D)
8 creatures vanquished.

Notes
Turn   | Place    | Note
-------+----------+-------------------------------------------
     0 | D        | mhtbhm the Minotaur Berserker began the quest for the Orb.
     0 | D        | Reached XP level 1. HP: 19/19 MP: 0/0
    34 | D        | Reached ** piety under Trog
    56 | D        | Noticed Jessica
    61 | D        | Killed Jessica
    62 | D        | Reached skill level 5 in Fighting
    62 | D        | Reached skill level 5 in Axes
    62 | D        | Reached XP level 2. HP: 26/30 MP: 1/1
    62 | D        | Reached XP level 3. HP: 32/37 MP: 2/2
   107 | D        | Reached skill level 1 in Stealth
   125 | D        | Gained mutation: A frigid envelope surrounds you and
                  | freezes all who hurt you. [potion of mutation]
   125 | D        | Gained mutation: You have a somewhat thin skeletal
                  | structure. (Dex +2, Stealth+) [potion of mutation]
   125 | D        | Gained mutation: Your flesh is cold resistant. (rC+)
                  | [potion of mutation]
   143 | D        | Noticed a water elemental
   146 | D        | Killed a water elemental
   146 | D        | Reached *** piety under Trog
   147 | D        | Reached XP level 4. HP: 48/48 MP: 3/3
   276 | D        | Found a radiant altar of Vehumet.
   276 | D        | Found a shimmering blue altar of Sif Muna.
   276 | D        | Found an ancient bone altar of Kikubaaqudgha.
   276 | D        | Noticed a wizard
   280 | D        | Noticed an ice devil
   280 | D        | Killed a wizard
   281 | D        | Reached skill level 5 in Armour
   281 | D        | Reached XP level 5. HP: 53/53 MP: 4/4
   285 | D        | Noticed a sixfirhy
   290 | D        | Noticed a smoke demon
   292 | D        | HP: 2/79 [sixfirhy[a kobold demonologist] (4)]
   292 | D        | Mangled by a sixfirhy

Illustrated notes

Levels and vault maps discovered:
D:        dungeon_sprint_mu [sprint_mu_entry_cave, sprint_mu_temple_rooms,
          sprint_mu_d1_horrors, sprint_mu_d2_genie, sprint_mu_d3_branching,
          sprint_mu_orc_legion, sprint_mu_elf_gauntlet, sprint_mu_hive_nellie,
          sprint_mu_lair_fedhas, sprint_mu_vaults_butterflies,
          sprint_mu_slime_circle, sprint_mu_swamp_cave, sprint_mu_shoals_kraken,
          sprint_mu_blade_basic, sprint_mu_crypt_chambers,
          sprint_mu_tomb_spiral, sprint_mu_vestibule_basic,
          sprint_mu_gehenna_hellfire, sprint_mu_dis_giant,
          sprint_mu_tartarus_statrot, sprint_mu_cocytus_islands, sprint_mu_zot1]

Skill      XL: |  1  2  3  4 |
---------------+-------------+-----
Fighting       | 5 7 8 |  8.2
Axes           | 5 7 8 |  8.3
Armour         | 3 4 5 |  5.0
Dodging        | 3 4 |  4.1
Stealth        | 1 |  1.5

Action                   |  1- 3 |  4- 6 || total
-------------------------+-------+-------++-------
Melee: Hand axe          |    11 |    15 ||    26
       Headbutt          |     3 |     2 ||     5
Invok: Berserk           |     2 |     1 ||     3
  Use: Potion            |     1 |       ||     1
 Stab: Sleeping          |     1 |       ||     1
Armor: Scale mail        |     1 |     6 ||     7
Dodge: Dodged            |     8 |     4 ||    12

Table legend: (Time is in decaauts)
 A = Elapsed time spent in this place.
 B = Non-inter-level travel time spent in this place.
 C = Inter-level travel time spent in this place.
 D = Time resting spent in this place.
 E = Time spent auto-exploring this place.
 F = Levels seen in this place.
 G = Mean time per level.
                   A        B        C        D        E       F      G
               +--------+--------+--------+--------+--------+-----+--------+
         Total |    300 |    300 |      0 |    173 |     17 |   1 |  300.0 |
       Dungeon |    300 |    300 |      0 |    173 |     17 |   1 |  300.0 |
               +--------+--------+--------+--------+--------+-----+--------+

Top non-repeatable levels by time:
       D: 300 daAuts
